 Dungeon Crawl Stone Soup version 0.30.1-9-gdf580d7c3d (webtiles) character file.

Game seed: 5822893459483816284

3009 Jerry the Sneak (level 9, -3/48 HPs)
             Began as a Vine Stalker Fighter on Sept 28, 2023.
             Killed from afar by a steam dragon (20 damage)
             ... with a ball of steam
             ... on level 8 of the Dungeon.
             The game lasted 00:20:06 (6568 turns).

Jerry the Sneak (Vine Stalker Fighter)              Turns: 6568, Time: 00:20:07

Health: -3/48      AC: 10    Str: 19    XL:     9   Next: 84%
Magic:  0/10       EV: 15    Int: 10    God:
Gold:   312        SH:  6    Dex: 16    Spells: 8/8 levels left

rFire   . . .        a - +0 rapier (heavy)
rCold   . . .        c - +0 buckler
rNeg    . . .        b - +0 scale mail
rPois   .            (no helmet)
rElec   .            w - +0 cloak
rCorr   +            p - +0 pair of gloves
SInv    .            (no boots)
Will    +....        (no amulet)
Stlth   ++           l - ring of resist corrosion
HPRegen 1.08/turn    y - +5 ring of evasion
MPRegen 0.12/turn

%: guardian spirit
@: mighty
A: fangs 3, regeneration 1, magic shield, antimagic bite, no potion heal 2
a: no special abilities


You were on level 8 of the Dungeon.
You visited 2 branches of the dungeon, and saw 9 of its levels.

You collected 454 gold pieces.
You spent 142 gold pieces at shops.

Inventory:

Hand Weapons
 a - a +0 heavy rapier (weapon)
 z - the +9 spear of Com Haelur {heavy, Int+3}
   (You found it on level 7 of the Dungeon)

   Int:       It affects your intelligence (+3).
Missiles
 i - 6 silver javelins (quivered)
Armour
 b - a +0 scale mail (worn)
 c - a +0 buckler (worn)
 p - a +0 pair of gloves (worn)
 w - a +0 cloak (worn)
 F - an orb of light
Jewellery
 f - a ring of fire
 k - a +6 ring of intelligence
 l - a ring of resist corrosion (left hand)
 y - a +5 ring of evasion (right hand)
 A - a ring of magical power
 E - a +6 ring of strength
Wands
 u - a wand of roots (6)
 v - a wand of paralysis (12)
 C - a wand of polymorph (8)
Scrolls
 h - 2 scrolls of fog
 B - 4 scrolls of teleportation
Potions
 d - a potion of might
 e - 3 potions of berserk rage
 g - 4 potions of curing
 j - a potion of resistance {unknown}
 m - 2 potions of lignification {unknown}
 n - 2 potions of mutation {unknown}
 o - a potion of attraction {unknown}
 q - 2 potions of brilliance {unknown}
 r - a potion of haste {unknown}
 s - 2 potions of magic {unknown}
 t - 3 potions of flight {unknown}
 x - a potion of degeneration {unknown}


   Skills:
 + Level 6.1 Fighting
 + Level 5.7 Short Blades
 + Level 5.5 Armour
 + Level 1.2 Dodging
 + Level 7.7 Stealth
 - Level 5.8 Shields


You had 8 spell levels left.
You didn't know any spells.
Your spell library was empty.

Dungeon Overview and Level Annotations

Branches:
Dungeon (8/15)             Temple (1/1) D:6
   Lair: D:8-11

Altars:
Ashenzari
Cheibriados
Dithmenos
Fedhas
Gozag
Hepliaklqana
Makhleb
Okawaru
Qazlal
Ru
Sif Muna
Trog
Vehumet
Wu Jian
Xom
Yredelemnul
Zin
The Shining One

Shops:
D:2 :   D:6 ?

Annotations:
D:3 1 runed translucent door, Tamtam's ghost, amateur DgCj


Innate Abilities, Weirdness & Mutations

You have razor-sharp teeth.
Your natural rate of healing is unusually fast.
When hurt, damage is shared between your health and your magic reserves.
Your bite disrupts and absorbs the magic of your enemies.
Potions cannot restore your health.


Message History

You feel sick.
The killer bee stings you but does no damage.
The killer bee barely misses you.
You miss the killer bee. Your bite misses the killer bee.
The killer bee is almost dead.
You feel sick. You block the killer bee's attack.
The killer bee barely misses you. The killer bee closely misses you.
Unknown command.
You closely miss the killer bee. Your bite misses the killer bee.
The killer bee is almost dead.
You feel sick.
The killer bee stings you but does no damage.
You block the killer bee's attack. x2
You impale the killer bee!!
You kill the killer bee!
You feel sick.
The killer bee stings you but does no damage.
The killer bee closely misses you.
You impale the killer bee!!
You kill the killer bee!
You feel sick.
You are no longer poisoned.
You closely miss the orc. Your bite misses the orc.
The orc hits you with a +0 falchion. The orc completely misses you.
You impale the orc!!
You kill the orc!
The steam dragon breathes steam at you. The ball of steam hits you!
* * * LOW HITPOINT WARNING * * *
Really stalk into that cloud of steam?
You are engulfed in a cloud of scalding steam.
The steam dragon completely misses you.
The steam dragon claws you but does no damage.
You closely miss the steam dragon. You block the steam dragon's attack.
The steam dragon claws you but does no damage.
You closely miss the steam dragon. The steam dragon closely misses you.
The steam dragon claws you but does no damage.
The steam dragon breathes steam at you. The ball of steam hits you!!
You die...

. .. ... ########## ...o
#######........######### .....
#....##........##.....#.
..Dy..#....##@.......##.....#.
......'....)D..ยง.....##.....#.
......#....##........##.....##
..... #....##........##.....'.
#### #....###'########.....##
#....# #..........#'### #....#
##########.#.# #....#
..........# #....#
#########.###


You could see a steam dragon (catching breath).

Vanquished Creatures
  Psyche (D:8)
  A steam dragon (D:7)
  A water moccasin (D:7)
  3 ice beasts
  An orc warrior (D:5)
  2 ogres (D:6)
  A black bear (D:4)
  A kobold brigand (D:7)
  2 phantoms
  Blork the orc (D:5)
  2 bullfrogs
  3 scorpions
  3 wights (D:7)
  5 killer bees (D:8)
  2 howler monkeys
  Crazy Yiuf (D:7)
  5 jellies
  3 orc priests
  4 hounds
  2 sleepcaps
  2 iguanas
  8 orc wizards
  5 adders
  2 shadow imps
  3 worms
  2 dart slugs
  23 orcs
  4 endoplasms
  A giant cockroach (D:3)
  9 goblins
  7 hobgoblins
  3 quokkas
  7 ball pythons
  5 bats (D:1)
  A frilled lizard (D:1)
  8 kobolds
  4 rats
138 creatures vanquished.

Notes
Turn   | Place    | Note
-------+----------+-------------------------------------------
     0 | D:1      | Jerry the Vine Stalker Fighter began the quest for the Orb.
     0 | D:1      | Reached XP level 1. HP: 11/11 MP: 2/2
    88 | D:1      | Found a faded altar of an unknown god.
   216 | D:1      | Reached XP level 2. HP: 16/16 MP: 3/3
   270 | D:1      | Reached skill level 1 in Stealth
   816 | D:1      | Reached XP level 3. HP: 19/19 MP: 4/4
  1132 | D:2      | Found Facsiec's Book Boutique.
  1628 | D:3      | Noticed a bullfrog
  1636 | D:3      | Killed a bullfrog
  1637 | D:3      | Reached skill level 2 in Stealth
  1637 | D:3      | Gained mutation: Your natural rate of healing is unusually
                  | fast. [Vine Stalker growth]
  1637 | D:3      | Reached XP level 4. HP: 14/24 MP: 3/5
  1637 | D:3      | Reached XP level 5. HP: 17/28 MP: 3/6
  1810 | D:3      | Found a runed translucent door.
  1811 | D:3      | Noticed Tamtam's ghost (amateur DgCj)
  2213 | D:4      | Reached skill level 3 in Stealth
  2275 | D:4      | Found a sacrificial altar of Ru.
  2325 | D:4      | Reached XP level 6. HP: 32/32 MP: 7/7
  2604 | D:4      | Found a shimmering altar of Xom.
  2760 | D:4      | Reached XP level 7. HP: 30/37 MP: 6/8
  2778 | D:4      | Reached skill level 4 in Stealth
  3155 | D:5      | Entered Level 5 of the Dungeon
  3262 | D:5      | Noticed Blork the orc
  3262 | D:5      | Found a snail-covered altar of Cheibriados.
  3268 | D:5      | Killed Blork the orc
  3543 | D:5      | Gained mutation: You have razor-sharp teeth. [Vine Stalker
                  | growth]
  3543 | D:5      | Reached XP level 8. HP: 42/42 MP: 7/9
  3585 | D:5      | Reached skill level 5 in Stealth
  3836 | D:6      | Found a staircase to the Ecumenical Temple.
  3844 | Temple   | Entered the Ecumenical Temple
  4111 | D:6      | Found Xynwuin's Magic Scroll Shoppe.
  4119 | D:6      | Bought a scroll of brand weapon for 142 gold pieces
  4245 | D:6      | Found an ornate altar of the Wu Jian Council.
  4245 | D:6      | Found a burning altar of Makhleb.
  4246 | D:6      | Found a shadowy altar of Dithmenos.
  4379 | D:6      | Found an iron altar of Okawaru.
  4421 | D:6      | Reached skill level 5 in Shields
  4424 | D:6      | Reached skill level 5 in Fighting
  4440 | D:6      | Reached skill level 6 in Stealth
  4913 | D:5      | Reached XP level 9. HP: 39/47 MP: 8/10
  4988 | D:6      | Found a shimmering blue altar of Sif Muna.
  4992 | D:6      | Reached skill level 5 in Short Blades
  5273 | D:7      | Found a runed translucent door.
  5274 | D:7      | Noticed Crazy Yiuf
  5333 | D:7      | Reached skill level 5 in Armour
  5489 | D:7      | Reached skill level 7 in Stealth
  5617 | D:7      | Identified the +9 spear of Com Haelur {heavy, Int+3}
  5933 | D:7      | Found a hazy altar of Hepliaklqana.
  6107 | D:7      | Killed Crazy Yiuf
  6338 | D:8      | Noticed Psyche
  6349 | D:8      | Killed Psyche
  6554 | D:8      | Reached skill level 1 in Dodging
  6568 | D:8      | Killed from afar by a steam dragon

Illustrated notes

Levels and vault maps discovered:
D:1:      amcnicky_arrival_double_pillar, layout_loops_corners,
          shapermc_ecumenical_altar_starsandcircs
D:2:      layout_loops_ring, serial_shops, nicolae_book_shop_shelving,
          minmay_misc_feat_roman
D:3:      layout_rooms, gammafunk_ghost_grave
D:4:      layout_basic, mainiacjoe_overflow_six_doors_small,
          mainiacjoe_overflow_paths
D:5:      layout_cave_pools, cheibriados_altar_1, uniq_blork_the_orc
D:6:      layout_loops_cross, gammafunk_temple_overflow_forgotten,
          mainiacjoe_overflow_small_starburst, kennysheep_orc_sif_temple,
          minmay_temple_entry_trees, serial_shops, shop, minmay_misc_feat_tower,
          hangedman_decor_points
D:7:      layout_gridville, worldfamousw_hep_ancestral_shrine,
          uniq_crazy_yiuf_cottage
D:8:      layout_basic, uniq_psyche, uniq_prince_ribbit1, uniq_pikel
Temple:   chequers_temple_sunken

Skill      XL: |  1  2  3  4  5  6  7  8  9 |
---------------+----------------------------+-----
Short Blades   | 2 3 4 5 |  5.7
Stealth        | 1 2 3 4 6 7 |  7.7
Fighting       | 3 4 5 6 |  6.1
Shields        | 3 4 5 |  5.8
Armour         | 3 4 5 |  5.5
Dodging        | 1 |  1.2

Action                     |  1- 3 |  4- 6 |  7- 9 || total
---------------------------+-------+-------+-------++-------
  Melee: Rapier            |   100 |   159 |   324 ||   583
         Bite              |    19 |    50 |    95 ||   164
  Throw: Javelin           |       |       |     5 ||     5
    Use: Scroll            |       |       |    10 ||    10
         Potion            |       |       |     2 ||     2
   Stab: Sleeping          |       |       |     3 ||     3
 Armour: Scale mail        |    45 |    29 |   133 ||   207
  Dodge: Dodged            |    45 |    73 |   218 ||   336
  Block: Buckler           |    22 |    30 |    85 ||   137
